 Dungeon Crawl Stone Soup version 0.25.1-1-g288607f5aa (webtiles) character file.

Game seed: 17386560399884291423

36874 grawtar the Severer (level 13, -3/119 HPs)
             Began as a Minotaur Berserker on July 22, 2020.
             Was an Elder of Trog.
             Slain by a ten-headed hydra (11 damage)
             ... on level 6 of the Lair of Beasts.
             The game lasted 01:53:51 (20930 turns).

grawtar the Severer (Minotaur Berserker)           Turns: 20930, Time: 01:53:52

Health: -3/119     AC: 21    Str: 27    XL:     13   Next: 55%
Magic:  12/12      EV:  7    Int:  4    God:    Trog [****..]
Gold:   923        SH: 20    Dex: 10    Spells: 12/12 levels left

rFire    + . .     SeeInvis .   F - +2 broad axe (vorpal)
rCold    + . .     Gourm    .   j - +0 tower shield
rNeg     . . .     Faith    .   Q - +0 plate armour
rPois    +         Spirit   .   b - +2 hat
rElec    +         Reflect  .   (no cloak)
rCorr    +         Harm     .   (no gloves)
MR       .....                  U - +2 pair of boots
Stlth    ..........             K - amulet of the acrobat
HPRegen  0.29/turn              (no ring)
MPRegen  0.13/turn              p - ring of resist corrosion

@: about to teleport, resistant (expiring)
A: retaliatory headbutt, horns 2
a: Berserk, Trog's Hand, Brothers in Arms, Renounce Religion


You were on level 6 of the Lair of Beasts.
You worshipped Trog.
Trog was greatly pleased with you.
You were not hungry.

You visited 2 branches of the dungeon, and saw 16 of its levels.

You collected 923 gold pieces.

Inventory:

Hand Weapons
 B - a +3 great sword of freezing
 D - a +0 shortbow
 F - a +2 vorpal broad axe (weapon)
 G - a +1 shortbow of flaming
 V - a +0 morningstar
Missiles
 i - 8 atropa-tipped darts
 m - 4 throwing nets
 t - 29 poisoned darts
 E - 3 boomerangs of dispersal
 L - 4 javelins (quivered)
Armour
 b - a +2 hat (worn)
 j - a +0 tower shield (worn)
 q - a +0 troll leather armour
 Q - a +0 plate armour (worn)
 U - a +2 pair of boots (worn)
Jewellery
 d - an uncursed ring of ice
 p - a ring of resist corrosion (right hand)
 K - an amulet of the acrobat (around neck)
 N - an uncursed amulet of faith
 W - an uncursed amulet of magic regeneration
Wands
 a - a wand of acid (12)
 w - a wand of paralysis (12)
 y - a wand of random effects (38)
 J - a wand of enslavement (9)
Scrolls
 h - a scroll of acquirement {unknown}
 l - 10 scrolls of teleportation
 n - 2 scrolls of noise {unknown}
 o - 6 scrolls of identify
 s - 2 scrolls of enchant armour {unknown}
 z - 2 scrolls of enchant weapon
 H - a scroll of magic mapping
 I - a scroll of fog {unknown}
 M - 2 scrolls of remove curse
 O - 2 scrolls of random uselessness {unknown}
 P - 2 scrolls of blinking {unknown}
 R - 2 scrolls of silence {unknown}
Potions
 e - 6 potions of lignification
 f - a potion of might {unknown}
 g - a potion of heal wounds
 k - 7 potions of curing
 r - 4 potions of degeneration {unknown}
 u - 2 potions of magic
 v - 5 potions of resistance
 x - 2 potions of brilliance {unknown}
 A - 3 potions of ambrosia {unknown}
 C - 5 potions of stabbing {unknown}
 S - a potion of haste {unknown}
 T - a potion of flight
Miscellaneous
 X - a box of beasts
 Z - a phantom mirror
Comestibles
 c - 21 rations
 Y - 6 chunks of flesh


   Skills:
 + Level 12.7 Fighting
 * Level 15.6 Axes
 + Level 12.5 Armour
 - Level 2.5 Dodging
 + Level 14.4 Shields


You had 12 spell levels left.
You didn't know any spells.
Your spell library was empty.

Dungeon Overview and Level Annotations

Branches:
Dungeon (10/15)            Temple (0/1) D:5            Lair (6/6) D:10
 Shoals (0/4) Lair:2        Snake (0/4) Lair:2        Slime (0/5) Lair:6
    Orc: D:9-12

Altars:
Ashenzari
Dithmenos
Fedhas
Gozag
Hepliaklqana
Kikubaaqudgha
Okawaru
Ru
Sif Muna
Vehumet
Xom
Yredelemnul

Annotations:
Lair:1 exclusions: 7 doors and 16 more exclusions, Grum
Lair:5 exclusions: 4 plants and 1 more exclusion
Lair:6 2 runed translucent doors, exclusion: 5 oklob plants


Innate Abilities, Weirdness & Mutations

You reflexively headbutt those who attack you in melee.
You have a pair of horns on your head.


Message History

The death yak gores you!!
The dream sheep bites you but does no damage. x2
The dream sheep barely misses you.
You completely miss the dream sheep. You headbutt the dream sheep!
You kill the dream sheep!
Trog accepts your kill.
Your shield and plate armour prevent you from hitting the dream sheep.
You hit the death yak. You hit the death yak but do no damage.
You lop one of the nine-headed hydra's heads off!
The eight-headed hydra grows two more!
You slash the ten-headed hydra! You slash the blink frog!
You closely miss the dream sheep. You completely miss the dream sheep.
You block the blink frog's attack.
The dream sheep shake their wool and sparkle.
You feel drowsy...
You fall asleep.
The death yak gores you!!!
You wake up.
* * * LOW HITPOINT WARNING * * *
The ten-headed hydra barely misses you.
The ten-headed hydra completely misses you.
The ten-headed hydra barely misses you. The ten-headed hydra bites you!
You die...

#...........S##........###
.............D.D....##...#
.............##........#
.........[...###lSY#.#.##
.....^.......P#....#....#
............F######..#.###
....%.........#####t#....#
...............YYYS.....##
..............YS@Dl.....#
............<.YYYF.........
.####.#.........Y.#.#..P..#
.# ...Y.....#.#.#.#.#...#
## P.Y....#.#.#...#.#..#
#........# $.#.#.### ......
...#.#. .. ..# ... #


You could see 3 death yaks, a ten-headed hydra, a komodo dragon, 2 blink frogs,
2 water moccasins, a crocodile and 5 dream sheep.

Vanquished Creatures
  Kirke (Lair:4)
  Harold (D:7)
  A catoblepas (Lair:5)
  A two-headed ogre (D:10)
  11 death yaks
  Nergalle (Lair:2)
  A manticore (Lair:2)
  A salamander (shapeshifter) (D:9)
  6 elephants
  2 black mambas
  A molten gargoyle (Lair:6)
  7 spiny frogs
  5 komodo dragons
  A kobold demonologist (D:9)
  2 polar bears
  2 trolls
  4 hippogriffs
  16 blink frogs
  7 dream sheep (Lair:6)
  Sigmund (D:4)
  17 yaks
  A wyvern (Lair:5)
  3 hogs (Lair:4)
  2 basilisks
  4 hungry ghosts
  4 nagas (Lair:2)
  3 hell hounds (Lair:6)
  8 water moccasins
  10 porcupines
  2 eyes of draining (D:10)
  2 orc warriors
  3 ice beasts
  6 phantoms
  A sky beast (D:7)
  A necrophage (D:9)
  A black bear (D:6)
  4 wolves
  6 centaurs
  5 ogres
  2 crocodiles
  8 big kobolds
  19 bullfrogs
  A scorpion (D:7)
  11 wights
  3 howler monkeys (D:8)
  An electric eel (D:10)
  4 crimson imps
  A quasit (D:8)
  6 orc priests
  11 hounds
  3 orc wizards
  4 bullfrog skeletons
  A centaur skeleton (D:3)
  3 iguanas
  11 worker ants
  A howler monkey zombie (D:10)
  3 gnolls (D:9)
  2 howler monkey skeletons
  11 adders
  An adder zombie (D:10)
  3 adder skeletons
  2 worms
  5 leopard geckos
  23 orcs
  A ball python (D:1)
  5 bats
  5 giant cockroaches
  14 goblins
  4 hobgoblins
  2 jackals (D:7)
  3 quokkas
  3 frilled lizards
  34 kobolds
  A leopard gecko zombie (D:6)
  A quokka zombie (D:8)
  4 rats
  A spectral orc (D:5)
  3 fungi
  5 plants
381 creatures vanquished.

Vanquished Creatures (others)
  3 humans
  9 fungi
  2 plants (Lair:4)
14 creatures vanquished.

Grand Total: 395 creatures vanquished

Notes
Turn   | Place    | Note
-------+----------+-------------------------------------------
     0 | D:1      | grawtar the Minotaur Berserker began the quest for the Orb.
     0 | D:1      | Reached XP level 1. HP: 19/19 MP: 0/0
   104 | D:1      | Reached XP level 2. HP: 22/27 MP: 1/1
   250 | D:1      | Reached skill level 4 in Axes
   983 | D:1      | Reached XP level 3. HP: 29/33 MP: 2/2
  1268 | D:1      | Reached ** piety under Trog
  1464 | D:2      | Found a shimmering blue altar of Sif Muna.
  1464 | D:2      | Found a shimmering altar of Xom.
  1478 | D:2      | Reached skill level 1 in Shields
  1479 | D:2      | Found a radiant altar of Vehumet.
  1479 | D:2      | Found an opulent altar of Gozag.
  1579 | D:2      | Found a blossoming altar of Fedhas.
  2005 | D:3      | Reached XP level 4. HP: 37/40 MP: 3/3
  2765 | D:4      | Reached skill level 5 in Axes
  2888 | D:4      | Reached XP level 5. HP: 29/47 MP: 4/4
  3121 | D:4      | Noticed an ogre
  3136 | D:4      | Killed an ogre
  3136 | D:4      | Reached XP level 6. HP: 29/53 MP: 5/5
  3450 | D:4      | Reached skill level 6 in Axes
  3541 | D:4      | Noticed Sigmund
  3556 | D:4      | Killed Sigmund
  3556 | D:4      | Reached skill level 5 in Fighting
  3556 | D:4      | Reached XP level 7. HP: 61/61 MP: 6/6
  4667 | D:4      | Reached skill level 5 in Shields
  4701 | D:5      | Entered Level 5 of the Dungeon
  4768 | D:5      | Found an ancient bone altar of Kikubaaqudgha.
  4806 | D:5      | Reached skill level 7 in Axes
  4964 | D:5      | Noticed a human
  4965 | D:5      | Killed a human
  4985 | D:5      | Found a staircase to the Ecumenical Temple.
  5530 | D:5      | Reached skill level 5 in Armour
  5621 | D:5      | Found a basalt altar of Yredelemnul.
  5783 | D:6      | Reached XP level 8. HP: 68/70 MP: 7/7
  6400 | D:6      | Reached skill level 8 in Axes
  6509 | D:6      | Reached *** piety under Trog
  7198 | D:7      | Noticed Harold
  7353 | D:7      | Killed Harold
  7353 | D:7      | Reached skill level 9 in Axes
  7353 | D:7      | Reached XP level 9. HP: 33/79 MP: 8/8
  7358 | D:7      | Found a shadowy altar of Dithmenos.
  9346 | D:8      | Reached skill level 10 in Shields
  9530 | D:8      | Found a basalt altar of Yredelemnul.
  9863 | D:9      | Reached **** piety under Trog
  9863 | D:9      | Reached XP level 10. HP: 88/88 MP: 9/9
 10027 | D:9      | Noticed a salamander
 10049 | D:9      | Killed a salamander
 10060 | D:10     | Entered Level 10 of the Dungeon
 10258 | D:9      | Found a hazy altar of Hepliaklqana.
 10297 | D:9      | Reached skill level 10 in Axes
 10595 | D:9      | Found a sacrificial altar of Ru.
 10595 | D:9      | Found an iron altar of Okawaru.
 10790 | D:9      | Found a shattered altar of Ashenzari.
 10794 | D:9      | Saw a vision of the Shoals and the Snake Pit.
 10794 | D:9      | Noticed a sea snake
 10794 | D:9      | Noticed a black mamba
 10794 | D:9      | Noticed a merfolk siren
 10794 | D:9      | Noticed a black mamba
 10794 | D:9      | Noticed a merfolk siren
 10794 | D:9      | Noticed a naga warrior
 10794 | D:9      | Noticed a black mamba
 11037 | D:9      | Noticed a sun demon
 11460 | D:10     | Reached ***** piety under Trog
 11764 | D:10     | Found a staircase to the Lair.
 12296 | D:10     | Received a gift from Trog
 12366 | D:10     | Reached XP level 11. HP: 97/97 MP: 10/10
 12430 | D:10     | Noticed a two-headed ogre
 12519 | D:10     | Killed a two-headed ogre
 12620 | D:10     | Reached skill level 11 in Axes
 12897 | Lair:1   | Entered Level 1 of the Lair of Beasts
 13183 | Lair:1   | Reached skill level 10 in Fighting
 13246 | Lair:1   | Noticed an eight-headed hydra
 13914 | Lair:1   | Noticed a seven-headed hydra
 14215 | Lair:1   | Noticed Grum
 14300 | Lair:2   | Reached skill level 10 in Armour
 14488 | Lair:2   | Found a staircase to the Shoals.
 14519 | Lair:2   | Reached skill level 12 in Axes
 14561 | Lair:2   | Noticed Nergalle
 14570 | Lair:2   | Killed Nergalle
 14653 | Lair:2   | Found a staircase to the Snake Pit.
 14676 | Lair:2   | Noticed a death yak
 14678 | Lair:2   | Noticed a death yak
 14680 | Lair:2   | Noticed a death yak
 14681 | Lair:2   | Noticed a death yak
 14681 | Lair:2   | Noticed a death yak
 14683 | Lair:2   | Noticed a death yak
 14714 | Lair:2   | Killed a death yak
 14717 | Lair:2   | Killed a death yak
 14719 | Lair:2   | Killed a death yak
 14724 | Lair:2   | Killed a death yak
 14724 | Lair:2   | Reached XP level 12. HP: 27/108 MP: 11/11
 14733 | Lair:2   | Killed a death yak
 14745 | Lair:2   | Killed a death yak
 14745 | Lair:2   | Reached skill level 13 in Axes
 15700 | Lair:2   | Noticed a six-headed hydra
 16968 | Lair:3   | Reached skill level 14 in Axes
 17398 | Lair:4   | Noticed a death yak
 17417 | Lair:4   | Noticed a death yak
 17419 | Lair:4   | Noticed a death yak
 17421 | Lair:4   | Noticed a death yak
 17422 | Lair:4   | Noticed a death yak
 17429 | Lair:3   | Killed a death yak
 17439 | Lair:3   | Killed a death yak
 17604 | Lair:4   | Killed a death yak
 17607 | Lair:4   | Killed a death yak
 17609 | Lair:4   | Killed a death yak
 17685 | Lair:4   | Found a gate leading to a gauntlet.
 17695 | Lair:4   | Noticed Kirke
 17713 | Lair:4   | Killed Kirke
 17713 | Lair:4   | Reached XP level 13. HP: 118/118 MP: 12/12
 18561 | Lair:4   | Reached skill level 15 in Axes
 20284 | Lair:6   | Entered Level 6 of the Lair of Beasts
 20284 | Lair:6   | Found a staircase to the Slime Pits.
 20896 | Lair:6   | Found a large runed translucent door.
 20896 | Lair:6   | Found a large runed translucent door.
 20896 | Lair:6   | Noticed a fire dragon
 20930 | Lair:6   | Slain by a ten-headed hydra

Illustrated notes

Levels and vault maps discovered:
D:1:      psy_arrival_radial02, layout_basic, hangedman_decor_opposing,
          chequers_arboretum, moated_statue
D:2:      layout_basic, grunt_temple_overflow_open, first_ration, fedhas_altar_2
D:3:      layout_loops_ring
D:4:      layout_layer_cave, enter_ossuary_1, uniq_sigmund
D:5:      layout_gridville, yredelemnul_forgotten_temple_becter,
          minmay_temple_entry_grid, minmay_misc_feat_square,
          minmay_misc_feat_more_columns, tgw_kikubaaqudgha
D:6:      layout_basic
D:7:      layout_gridville, old_standard_altar, uniq_harold
D:8:      minmay_distorted_concentric_squares, layout_layer_cave, basic_altar,
          grunt_ogre_cave
D:9:      layout_loops_ring, gammafunk_temple_overflow_elements,
          old_standard_altar, special_room [special_room_kobold],
          grunt_ashenzari_visionary [grunt_ashenzari_visionary_shoals,
          grunt_ashenzari_visionary_snake]
D:10:     layout_roguey, erik_lair_island
Lair:1:   layout_roguey, uniq_grum
Lair:2:   layout_cave_pods, minmay_shoals_entry_beasts,
          minmay_snake_entry_guardpost_small, uniq_nergalle
Lair:3:   layout_cave_pods, beast_lair_carwin_9
Lair:4:   layout_small_grid, gauntlet_entry_generic, uniq_kirke
Lair:5:   layout_regular_city, serial_bayou_shore_a
Lair:6:   cheibrodos_lair_end_hotspot, layout_regular_city,
          minmay_slime_entry_oklob_open, minivault_23, minivault_29

Skill      XL: |  1  2  3  4  5  6  7  8  9 10 11 12 13 |
---------------+----------------------------------------+-----
Axes           | 4 5 6 7 9 10 12 14 15 | 15.6
Fighting       | 4 5 7 8 9 10 12 | 12.7
Shields        | 1 2 3 4 5 8 10 12 13 14 | 14.4
Armour         | 3 4 5 6 7 9 10 11 12 | 12.5
Dodging        | |  2.5

Action                   |  1- 3 |  4- 6 |  7- 9 | 10-12 | 13-15 || total
-------------------------+-------+-------+-------+-------+-------++-------
Melee: Hand axe          |   101 |    76 |   423 |   323 |       ||   923
       Headbutt          |    17 |    18 |    96 |   181 |    44 ||   356
       War axe           |       |       |       |    33 |       ||    33
       Broad axe         |       |       |       |   384 |   175 ||   559
Throw: Dart              |     1 |       |    12 |       |     1 ||    14
       Javelin           |       |       |     8 |    42 |     7 ||    57
Invok: Berserk           |       |     2 |     8 |     7 |     6 ||    23
       Trog's Hand       |       |     2 |     2 |       |       ||     4
       Brothers in Arms  |       |       |       |     3 |     1 ||     4
Evoke: Box of beasts     |       |       |       |       |     1 ||     1
  Use: Scroll            |       |       |     7 |    10 |     3 ||    20
       Potion            |       |       |     3 |     3 |     1 ||     7
  Eat: Chunk             |     3 |     4 |    16 |    27 |     9 ||    59
       Ration            |       |     1 |     4 |     4 |     2 ||    11
Armor: Animal skin       |    15 |     6 |     1 |       |       ||    22
       Scale mail        |       |       |    24 |       |       ||    24
       Plate armour      |       |       |    82 |   219 |    82 ||   383
Dodge: Dodged            |    31 |    14 |    45 |    46 |    47 ||   183
Block: Tower shield      |    31 |    41 |   292 |   623 |   174 ||  1161
